[ AOE2 MATCH · #505868332 ]
UnrankedSlavs vs Tupi
Player's team · WIN
Rival team · LOSS
[ REPLAY ANALYSIS · EXTRACTED FROM THE RECORDED GAME ]
Feudal
10:57
Castle
—
Imperial
—
| APM avg | 57.1 |
| APM peak | 93 |
| eAPM avg | 30.7 |
| Villagers / military | 43 / 23 |
Focus
⚔️ 47.0% · 🌾 53.0%
Archer ×17 · Militia ×5 · Unknown (2626) ×3 · Fishing Ship ×2 · Fire Galley ×1
Feudal
12:03
Castle
—
Imperial
—
| APM avg | 62.8 |
| APM peak | 141 |
| eAPM avg | 33.6 |
| Villagers / military | 39 / 1 |
Focus
⚔️ 35.0% · 🌾 65.0%
Fishing Ship ×7 · Fire Galley ×1
Match map
Initial resources + every placement click. Lines = walls · curves = elevation contours. ◆ gold · ⬟ stone · ● berries · ✦ relic · ◌ wall gap
Your base· ✓ Closed at 12:00 · 14t walls · no gate
RoR | Váša's base· ✓ Closed at 15:18 · 17t walls · 2 gate(s)
Smoothed initial terrain · ◌ = detected wall gap · hover for details
Inputs per minute
— Sharky aoe - - RoR | Váša
Build order — Sharky aoe
103 actions detected in the replay
| 0:00 | Queue | Villager (Male) |
| 0:00 | Queue | Villager (Male) |
| 0:01 | Queue | Villager (Male) |
| 0:02 | Build | House |
| 0:02 | Build | House |
| 0:18 | Research | Loom |
| 0:20 | Queue | Villager (Male) |
| 0:34 | Queue | Villager (Male) |
| 2:09 | Queue | Villager (Male) |
| 2:30 | Build | Palisade Wall |
| 2:32 | Build | Palisade Wall |
| 2:33 | Build | Palisade Wall |
| 2:34 | Build | Palisade Wall |
| 2:40 | Build | Palisade Wall |
| 2:47 | Queue | Villager (Male) |
| 3:08 | Queue | Villager (Male) |
| 3:33 | Queue | Villager (Male) |
| 3:49 | Build | Lumber Camp |
| 3:59 | Queue | Villager (Male) |
| 4:25 | Queue | Villager (Male) |
| 4:26 | Queue | Villager (Male) |
| 4:29 | Build | House |
| 4:45 | Queue | Villager (Male) |
| 5:07 | Queue | Villager (Male) |
| 5:20 | Queue | Villager (Male) |
| 5:43 | Queue | Villager (Male) |
| 5:55 | Build | Palisade Wall |
| 5:56 | Build | Palisade Wall |
| 6:07 | Build | House |
| 6:15 | Queue | Villager (Male) |
| 6:19 | Queue | Villager (Male) |
| 6:47 | Queue | Villager (Male) |
| 7:01 | Queue | Villager (Male) |
| 7:14 | Build | Barracks |
| 7:51 | Build | House |
| 7:57 | Build | House |
| 8:01 | Queue | Villager (Male) |
| 8:03 | Queue | Villager (Male) |
| 8:14 | Queue | Villager (Male) |
| 8:47 | Research | Feudal Age |
| 9:05 | Queue | Militia |
| 9:19 | Build | Mining Camp |
| 9:25 | Queue | Militia |
| 9:53 | Queue | Villager (Male) |
| 9:59 | Queue | Militia |
| 10:02 | Queue | Villager (Male) |
| 10:27 | Build | House |
| 10:31 | Queue | Militia |
| 10:35 | Queue | Militia |
| 10:39 | Queue | Villager (Male) |
| 10:53 | Queue | Villager (Male) |
| 10:57 | Age | Feudal Age |
| 10:59 | Build | Archery Range |
| 11:04 | Research | Man-at-Arms (upgrade) |
| 11:14 | Build | Dock |
| 11:19 | Queue | Villager (Male) |
| 11:42 | Queue | Villager (Male) |
| 11:55 | Queue | Archer |
| 11:55 | Queue | Villager (Male) |
| 12:08 | Build | Dock |
| 12:20 | Queue | Villager (Male) |
| 12:29 | Research | Double-Bit Axe |
| 12:30 | Queue | Archer |
| 12:32 | Queue | Villager (Male) |
| 13:01 | Queue | Unit 2626 |
| 13:02 | Queue | Archer |
| 13:08 | Queue | Villager (Male) |
| 13:28 | Build | House |
| 13:35 | Queue | Villager (Male) |
| 13:35 | Queue | Villager (Male) |
| 13:41 | Build | Archery Range |
| 13:46 | Queue | Villager (Male) |
| 13:54 | Queue | Unit 2626 |
| 14:06 | Queue | Villager (Male) |
| 14:21 | Queue | Unit 2626 |
| 14:27 | Queue | Archer |
| 14:27 | Queue | Archer |
| 14:52 | Queue | Archer |
| 15:24 | Build | Mill |
| 15:25 | Queue | Fishing Ship |
| 15:25 | Queue | Fishing Ship |
| 15:27 | Queue | Villager (Male) |
| 15:31 | Queue | Archer |
| 15:32 | Queue | Archer |
| 15:37 | Queue | Archer |
| 15:48 | Queue | Archer |
| 15:56 | Build | Farm |
| 15:58 | Queue | Villager (Male) |
| 16:01 | Queue | Villager (Male) |
| 16:09 | Build | House |
| 16:28 | Queue | Archer |
| 16:28 | Queue | Archer |
| 16:39 | Queue | Fire Galley |
| 16:43 | Queue | Villager (Male) |
| 16:47 | Build | Stone Wall |
| 16:49 | Queue | Archer |
| 16:56 | Queue | Archer |
| 17:06 | Build | Farm |
| 17:06 | Queue | Villager (Male) |
| 17:08 | Queue | Archer |
| 17:25 | Queue | Archer |
| 17:37 | Queue | Villager (Male) |
| 17:39 | Queue | Archer |
Build order — RoR | Váša
78 actions detected in the replay
| 0:00 | Queue | Villager (Male) |
| 0:00 | Queue | Villager (Male) |
| 0:00 | Queue | Villager (Male) |
| 0:01 | Queue | Villager (Male) |
| 0:02 | Build | House |
| 0:03 | Build | House |
| 0:16 | Research | Loom |
| 0:16 | Queue | Villager (Male) |
| 0:17 | Queue | Villager (Male) |
| 0:17 | Queue | Villager (Male) |
| 0:17 | Queue | Villager (Male) |
| 1:30 | Queue | Villager (Male) |
| 1:30 | Queue | Villager (Male) |
| 2:11 | Queue | Villager (Male) |
| 2:11 | Queue | Villager (Male) |
| 2:13 | Build | Palisade Wall |
| 2:25 | Build | Palisade Wall |
| 2:54 | Build | Settlement |
| 2:57 | Queue | Villager (Male) |
| 2:58 | Queue | Villager (Male) |
| 3:05 | Build | House |
| 3:30 | Queue | Villager (Male) |
| 3:56 | Queue | Villager (Male) |
| 3:56 | Queue | Villager (Male) |
| 4:20 | Queue | Villager (Male) |
| 4:43 | Queue | Villager (Male) |
| 4:43 | Queue | Villager (Male) |
| 5:12 | Queue | Villager (Male) |
| 5:12 | Queue | Villager (Male) |
| 5:12 | Queue | Villager (Male) |
| 5:48 | Queue | Villager (Male) |
| 5:49 | Queue | Villager (Male) |
| 5:54 | Build | Dock |
| 5:59 | Queue | Villager (Male) |
| 6:02 | Build | House |
| 6:10 | Build | Palisade Wall |
| 6:36 | Queue | Villager (Male) |
| 6:36 | Queue | Villager (Male) |
| 6:36 | Queue | Villager (Male) |
| 6:44 | Queue | Fishing Ship |
| 6:57 | Queue | Villager (Male) |
| 6:57 | Queue | Villager (Male) |
| 6:57 | Queue | Villager (Male) |
| 7:20 | Queue | Fishing Ship |
| 7:27 | Build | Palisade Wall |
| 7:27 | Build | Palisade Wall |
| 7:59 | Queue | Villager (Male) |
| 8:08 | Queue | Villager (Male) |
| 8:09 | Queue | Fishing Ship |
| 8:18 | Build | House |
| 8:53 | Queue | Fishing Ship |
| 8:53 | Queue | Fishing Ship |
| 9:21 | Build | Settlement |
| 9:28 | Queue | Villager (Male) |
| 9:33 | Build | House |
| 9:47 | Research | Feudal Age |
| 9:58 | Queue | Fishing Ship |
| 9:58 | Queue | Fishing Ship |
| 11:06 | Build | Outpost |
| 11:27 | Queue | Villager (Male) |
| 11:48 | Build | Palisade Wall |
| 11:50 | Build | Palisade Wall |
| 11:52 | Build | Palisade Wall |
| 11:53 | Build | Palisade Wall |
| 11:55 | Build | Palisade Wall |
| 11:56 | Build | Palisade Wall |
| 11:58 | Build | Palisade Wall |
| 12:03 | Age | Feudal Age |
| 12:08 | Build | Market |
| 12:26 | Queue | Villager (Male) |
| 12:36 | Build | Palisade Gate |
| 12:41 | Build | Palisade Gate |
| 12:54 | Queue | Villager (Male) |
| 12:55 | Build | Blacksmith |
| 13:01 | Queue | Fire Galley |
| 13:23 | Queue | Villager (Male) |
| 14:13 | Build | Settlement |
| 15:18 | Research | Castle Age |
Match timeline
| 2:13 | RoR | Váša · wall_segment Palisade Wall x7 |
| 2:25 | RoR | Váša · wall_segment Palisade Wall x1 |
| 2:30 | Sharky aoe · wall_segment Palisade Wall x1 |
| 2:32 | Sharky aoe · wall_segment Palisade Wall x1 |
| 2:33 | Sharky aoe · wall_segment Palisade Wall x1 |
| 2:34 | Sharky aoe · wall_segment Palisade Wall x1 |
| 2:40 | Sharky aoe · wall_segment Palisade Wall x1 |
| 5:54 | RoR | Váša · first_building Dock |
| 5:55 | Sharky aoe · wall_segment Palisade Wall x1 |
| 5:56 | Sharky aoe · wall_segment Palisade Wall x8 |
| 6:10 | RoR | Váša · wall_segment Palisade Wall x1 |
| 7:14 | Sharky aoe · first_building Barracks |
| 7:27 | RoR | Váša · wall_segment Palisade Wall x1 |
| 7:27 | RoR | Váša · wall_segment Palisade Wall x1 |
| 10:57 | Sharky aoe · age_up feudal |
| 10:59 | Sharky aoe · first_building Archery Range |
| 11:14 | Sharky aoe · first_building Dock |
| 11:48 | RoR | Váša · wall_segment Palisade Wall x1 |
| 11:50 | RoR | Váša · wall_segment Palisade Wall x1 |
| 11:52 | RoR | Váša · wall_segment Palisade Wall x1 |
| 11:53 | RoR | Váša · wall_segment Palisade Wall x1 |
| 11:55 | RoR | Váša · wall_segment Palisade Wall x1 |
| 11:56 | RoR | Váša · wall_segment Palisade Wall x1 |
| 11:58 | RoR | Váša · wall_segment Palisade Wall x1 |
| 12:03 | RoR | Váša · age_up feudal |
| 13:51 | RoR | Váša · first_market_sell 100 wood |
| 14:40 | RoR | Váša · first_market_buy 100 food |
| 16:47 | Sharky aoe · wall_segment Stone Wall x10 |
| 17:39 | RoR | Váša · resign |
[ AI ANALYSIS · 1 CREDIT ]
What really happened in this match?
Wolo.gg analyzes every decision: build order, eco, micro, common mistakes by bracket. Personalized analysis on WhatsApp or Discord in 30 seconds.
Civ guide
Slavs
Perfil
Jugador #9702563